 Dungeon Crawl Stone Soup version 0.27-a0-362-g8331d79 (webtiles) character file.

Game seed: 16436343582929476484

78 MrTaco21 the Cudgeller (level 4, -4/28 HPs)
             Began as a Gargoyle Fighter on Feb 16, 2021.
             Slain by an ogre
             ... wielding a +0 giant club
              (11 damage)
             ... on level 3 of the Dungeon.
             The game lasted 00:02:01 (1865 turns).

MrTaco21 the Cudgeller (Gargoyle Fighter)           Turns: 1865, Time: 00:02:02

Health: -4/28      AC: 10    Str: 20    XL:     4   Next: 36%
Magic:  4/4        EV:  7    Int:  9    God:
Gold:   117        SH:  9    Dex:  9    Spells: 3/3 levels left

rFire    . . .     SeeInvis .   a - +0 flail
rCold    . . .     Faith    .   c - +0 kite shield
rNeg     + . .     Spirit   .   b - +0 scale mail
rPois    ∞         Reflect  .   (no helmet)
rElec    +         Harm     .   (no cloak)
rCorr    .         Rampage  .   (no gloves)
Will     .....                  (no boots)
Stlth    ..........             (no amulet)
HPRegen  0.09/turn              (no ring)
MPRegen  0.09/turn              (no ring)

@: no status effects
A: negative energy resistance 1, electricity resistance, unbreathing,
petrification resistance, miasma immunity, AC +3
a: no special abilities


You were on level 3 of the Dungeon.
You visited 1 branch of the dungeon, and saw 3 of its levels.

You collected 117 gold pieces.

Inventory:

Hand Weapons
 a - a +0 flail (weapon)
Armour
 b - a +0 scale mail (worn)
 c - a +0 kite shield (worn)
Wands
 t - a wand of flame (9)
   (You found it on level 2 of the Dungeon)
Scrolls
 f - a scroll of teleportation {unknown}
 h - a scroll of immolation {unknown}
 i - a scroll of fear {unknown}
 j - 2 scrolls of fog {unknown}
Potions
 d - a potion of might
 e - 4 potions of curing {unknown}
 g - a potion of berserk rage {unknown}


   Skills:
 - Level 3.2 Fighting
 + Level 4.5 Maces & Flails
 - Level 3.2 Armour
 - Level 3.2 Shields


You had 3 spell levels left.
You didn't know any spells.
Your spell library was empty.

Dungeon Overview and Level Annotations

Branches:
Dungeon (3/15)

Altars:
Kikubaaqudgha
Trog


Innate Abilities, Weirdness & Mutations

You are resistant to torment.
Your stone body is resilient. (AC +3)
You are immune to poison.
You resist negative energy. (rN+)
You are resistant to electric shocks. (rElec)
You can survive without breathing.
You are immune to petrification.
You are immune to miasma.


Message History

The kobold closely misses you.
There is an open door here.
The bat hits you but does no damage. The bat hits you but does no damage.
The bat barely misses you. The kobold barely misses you.
You block the bat's attack. The kobold hits you with a +0 whip.
* * * LOW HITPOINT WARNING * * *
The bat barely misses you. The bat closely misses you.
You block the bat's attack. The bat hits you but does no damage.
Found 5 gold pieces.
The bat hits you but does no damage. The bat hits you but does no damage.
You block the bat's attack. The bat hits you but does no damage.
The bat closely misses you. You block the bat's attack.
You hear the rusting of a distant drain.
The bat hits you but does no damage. You block the bat's attack.
You see here 5 gold pieces.
The bat hits you but does no damage. x2
You block the bat's attack. The goblin hits you but does no damage.
You see here 5 gold pieces.
The kobold barely misses you. The bat hits you but does no damage. x2
The kobold hits you but does no damage. x2
You barely miss the bat. The bat completely misses you.
The bat hits you but does no damage. You block the kobold's attack.
The kobold hits you but does no damage. The bat hits you.
* * * LOW HITPOINT WARNING * * *
You hit the bat but do no damage. You block the bat's attack.
The bat hits you but does no damage. The kobold barely misses you. x2
The goblin hits you but does no damage. The bat hits you but does no damage.
The ogre closely misses you. The kobold hits you but does no damage.
The kobold closely misses you.
You barely miss the bat. You block the bat's attack. x3
The goblin hits you but does no damage.
The rat twitches its whiskers.
The kobold closely misses you. The kobold barely misses you.
The ogre barely misses you. The bat closely misses you.
You closely miss the bat. You block the bat's attack.
The bat barely misses you. The goblin hits you but does no damage.
The kobold hits you but does no damage. You block the kobold's attack.
You block the ogre's attack. The bat hits you but does no damage.
The goblin hits you with a +0 club.
* * * LOW HITPOINT WARNING * * *
The kobold completely misses you. The kobold hits you but does no damage.
Your shield prevents you from hitting the bat.
You block the bat's attack. The ogre hits you with a +0 giant club!
You die...

#####
#.....#
.....
#.....#
.....
#.....#
....)
#.....####
..?..
#........#
.....
#........#
#####
#####rg.b#


#OKKg# #g@r.# #.#### ### .. #o +. You could see an ogre, 2 hobgoblins, a goblin,
a bat, 2 kobolds and 2 rats.

Vanquished Creatures
  3 adders
  An ooze (D:3)
  2 worms (D:2)
  4 dart slugs
  2 leopard geckos
  2 giant cockroaches (D:1)
  3 goblins
  3 hobgoblins
  3 jackals (D:2)
  2 kobolds (D:2)
  3 bats
  A frilled lizard (D:2)
  3 rats
32 creatures vanquished.

Notes
Turn   | Place    | Note
-------+----------+-------------------------------------------
     0 | D:1      | MrTaco21 the Gargoyle Fighter began the quest for the Orb.
     0 | D:1      | Reached XP level 1. HP: 14/14 MP: 1/1
   119 | D:1      | Reached XP level 2. HP: 16/19 MP: 2/2
   267 | D:1      | Reached skill level 3 in Maces & Flails
   755 | D:2      | Reached XP level 3. HP: 21/23 MP: 3/3
   783 | D:2      | Found a bloodstained altar of Trog.
   874 | D:2      | Found an ancient bone altar of Kikubaaqudgha.
  1044 | D:2      | Reached skill level 4 in Maces & Flails
  1124 | D:2      | Reached XP level 4. HP: 28/28 MP: 4/4
  1773 | D:3      | Noticed an ogre
  1865 | D:3      | Slain by an ogre

Illustrated notes

Levels and vault maps discovered:
D:1:      dpeg_arrival_court, layout_rooms
D:2:      layout_loops_ring, nicolae_overflow_hidden_temple, old_standard_altar
D:3:      layout_basic, general_overflow_altar, nzn_hepliaklqana_mist_gate,
          gup_sewer_entry_bubbles

Skill      XL: |  1  2  3 |
---------------+----------+-----
Maces & Flails | 3 4 |  4.5
Fighting       | |  3.2
Armour         | |  3.2
Shields        | |  3.2

Action                   |  1- 3 |  4- 6 || total
-------------------------+-------+-------++-------
Melee: Flail             |   107 |    43 ||   150
Armor: Scale mail        |    73 |    64 ||   137
Dodge: Dodged            |    37 |    34 ||    71
Block: Kite shield       |    77 |    60 ||   137

Table legend: (Time is in decaauts)
 A = Elapsed time spent in this place.
 B = Non-inter-level travel time spent in this place.
 C = Inter-level travel time spent in this place.
 D = Time resting spent in this place.
 E = Time spent auto-exploring this place.
 F = Levels seen in this place.
 G = Mean time per level.
                   A        B        C        D        E       F      G
               +--------+--------+--------+--------+--------+-----+--------+
         Total |   1934 |   1813 |    121 |      0 |   1399 |   3 |  644.7 |
       Dungeon |   1934 |   1813 |    121 |      0 |   1399 |   3 |  644.7 |
               +--------+--------+--------+--------+--------+-----+--------+

Top non-repeatable levels by time:
     D:2: 1051 daAuts
     D:1: 766 daAuts
     D:3: 116 daAuts
